 Dungeon Crawl Stone Soup version 0.22-a0-126-g307c7c3 (webtiles) character file.

50 blacksheepwall the Skirmisher (level 3, -3/29 HPs)
             Began as a Demonspawn Wanderer on Jan 30, 2018.
             Slain by a worm (10 damage)
             ... on level 2 of the Dungeon.
             The game lasted 00:06:05 (2515 turns).

blacksheepwall the Skirmisher (Demonspawn Wanderer) Turns: 2515, Time: 00:06:05

Health: -3/29      AC:  3    Str: 11    XL:     3   Next: 55%
Magic:  7/7        EV: 10    Int: 16    God:
Gold:   186        SH:  0    Dex: 11    Spells: 8/8 levels left

rFire    . . .     SeeInvis .   p - -2 dagger (curse)
rCold    . . .     Gourm    .   (no shield)
rNeg     . . .     Faith    .   u - +0 leather armour
rPois    +         Spirit   .   (no helmet)
rElec    .         Reflect  .   (no cloak)
rCorr    .         Harm     .   (no gloves)
MR       .....                  (no boots)
Stlth    +.........             (no amulet)
HPRegen  0.09/turn              j - ring of poison resistance
MPRegen  0.10/turn              (no ring)

@: no status effects
A: hooves 1
a: no special abilities


You were on level 2 of the Dungeon.
You were not hungry.

You visited 1 branch of the dungeon, and saw 3 of its levels.

You collected 186 gold pieces.

Inventory:

Hand Weapons
 e - a +0 club
 h - a -3 dagger
 i - a +0 mace
 n - a +0 whip
 p - a cursed -2 dagger (weapon)
 s - a +1 vampiric whip
 w - a -1 whip
Armour
 a - a +0 shield
 d - a +0 robe
 q - a +0 ring mail
 u - a +0 leather armour (worn)
Jewellery
 j - a ring of poison resistance (left hand)
Scrolls
 c - 2 scrolls of teleportation
 g - a scroll of fear
 k - a scroll of fog {unknown}
 l - a scroll of immolation {unknown}
 r - a scroll of identify {unknown}
Potions
 f - a potion of might {unknown}
 m - a potion of heal wounds {unknown}
 o - a potion of agility {unknown}
Books
 b - Toecwofy's Handbook of the Snowflakes

   Spells                             Type                      Level
   a - Throw Frost                    Conjuration/Ice              2
   b - Ensorcelled Hibernation        Hexes/Ice                    2
Comestibles
 t - a ration


   Skills:
 + Level 3.3 Fighting
 - Level 1.7 Shields
 - Level 3.0 Spellcasting
   Level 1.0 Hexes
   Level 1.7 Fire Magic
   Level 1.7 Earth Magic


You had 8 spell levels left.
You didn't know any spells.

Dungeon Overview and Level Annotations

Branches:
Dungeon (3/15)

Altars:


Innate Abilities, Weirdness & Mutations

You have large cloven feet.


Message History

The worm is heavily wounded.
The worm closely misses you.
You barely miss the worm. You kick the worm, but do no damage.
The worm is heavily wounded.
The worm bites you.
You barely miss the worm. You kick the worm.
The worm is severely wounded.
You hit the worm but do no damage.
The worm is severely wounded.
The worm bites you.
You hit the worm.
The worm is severely wounded.
You barely miss the worm.
The worm is severely wounded.
The worm bites you!
* * * LOW HITPOINT WARNING * * *
You hit the worm.
The worm is severely wounded.
The worm bites you!
You die...

#....#(.>####$..#... #.####...#
...# .. #..# #...# ...# .. .#.#
##### ######## #. ...# ##########
#...# #. [### #........#
#...############. .# #........#
#...##...........
######........###...##...........
.รท..)'.......('.@w..''...........
###.##........###...##...........
#.....#.##### ######...........
###.(...#.# #...........
..(..#..#.# ############
..####..#.# ..#....<#.#
....#####.# ####### ###.#...#.#
##### #......


You could see a worm.

Vanquished Creatures
  An adder (D:1)
  An ooze (D:2)
  5 leopard geckos
  7 goblins (D:1)
  3 hobgoblins
  5 kobolds
  A bat (D:2)
  6 rats
29 creatures vanquished.

Notes
Turn   | Place    | Note
-------+----------+-------------------------------------------
     0 | D:1      | blacksheepwall the Demonspawn Wanderer began the quest for the Orb.
     0 | D:1      | blacksheepwall set off with: a +0 shield, Toecwofy's Handbook of the Snowflakes, a scroll of teleportation, a +0 robe, a +0 club, a ration
     0 | D:1      | Reached XP level 1. HP: 13/13 MP: 4/4
     0 | D:1      | Identified Toecwofy's Handbook of the Snowflakes
   117 | D:1      | Reached skill level 1 in Fighting
   254 | D:1      | Gained mutation: You have large cloven feet. [demonic ancestry]
   254 | D:1      | Reached XP level 2. HP: 16/22 MP: 6/6
  1629 | D:2      | Reached XP level 3. HP: 28/28 MP: 7/7
  2515 | D:2      | Slain by a worm

Vault maps used:
D:1:      lightli_arrival_chessboard
D:2:      overflow_temple_1_default, first_ration
D:3:      uniq_ijyb

Skill      XL: |  1  2  3 |
---------------+----------+-----
Fighting       | 1 2 3 |  3.3
Shields        | |  1.7
Spellcasting   | |  3.0
Hexes          | |  1.0
Fire Magic     | |  1.7
Earth Magic    | |  1.7

Action                   || total
-------------------------++-------
Melee: Club              ||    19
       Whip              ||    29
       Dagger            ||    72
       Mace              ||    15
       Kick              ||    30
  Use: Scroll            ||     4
       Potion            ||     1
  Eat: Chunk             ||     2
       Ration            ||     1
Armor: Robe              ||     4
       Ring mail         ||     6
       Skin              ||     6
       Leather armour    ||     8
Dodge: Dodged            ||    49
Block: Shield            ||    22

Table legend:
 A = Spawn XP
 B = Non-spawn XP
 C = Spawn XP percentage of total XP
 D = Spawn monster count
 E = Non-spawn monster count
 F = Spawn count percentage of total count
 G = Total turns spent on level
                    A         B        C        D         E        F      G
               +---------+---------+-------+---------+---------+-------+---------
         Total |       0 |      72 |   0.0 |       0 |      29 |   0.0 |  2515
               +---------+---------+-------+---------+---------+-------+---------
           D:1 |       0 |      46 |   0.0 |       0 |      17 |   0.0 |  1797
           D:2 |       0 |      26 |   0.0 |       0 |      12 |   0.0 |   716
               +---------+---------+-------+---------+---------+-------+---------
